 Dungeon Crawl Stone Soup version 0.28.0-53-g5a82cb258f (webtiles) character file.

Game seed: 2891925171620301503

128 issech the Skirmisher (level 4, -2/41 HPs)
             Began as a Minotaur Monk on May 28, 2022.
             Slain by an orc
             ... wielding a +0 hand axe
              (6 damage)
             ... on level 3 of the Dungeon.
             The game lasted 00:06:35 (2368 turns).

issech the Skirmisher (Minotaur Monk)               Turns: 2368, Time: 00:06:36

Health: -2/41      AC:  5    Str: 15    XL:     4   Next: 87%
Magic:  3/3        EV: 12    Int:  7    God:
Gold:   86         SH:  0    Dex: 15    Spells: 3/3 levels left

rFire   . . .      SeeInvis .   c - +1 dagger (speed)
rCold   . . .      Faith    .   (no shield)
rNeg    . . .      Spirit   .   f - +0 ring mail
rPois   .          Reflect  .   (helmet restricted)
rElec   .          Harm     .   (no cloak)
rCorr   .          Rampage  .   (no gloves)
Will    .....                   (no boots)
Stlth   ..........              (no amulet)
HPRegen 0.13/turn               o - ring of wizardry
MPRegen 0.08/turn               (no ring)

@: confused
A: horns 2, retaliatory headbutt
a: no special abilities


You were on level 3 of the Dungeon.
You visited 1 branch of the dungeon, and saw 3 of its levels.

You collected 114 gold pieces.
You spent 28 gold pieces at shops.

Inventory:

Hand Weapons
 a - a +0 hand axe
 c - a +1 dagger of speed (weapon)
 l - a +0 short sword
 n - a +0 whip
Missiles
 d - 72 stones (quivered)
Armour
 b - a +0 robe
 f - a +0 ring mail (worn)
Jewellery
 k - an amulet of faith
 o - a ring of wizardry (left hand)
Scrolls
 j - a scroll of fog
 m - a scroll of brand weapon
Potions
 e - a potion of curing {unknown}
 g - a potion of ambrosia {unknown}
 h - a potion of berserk rage {unknown}
 i - a potion of heal wounds {unknown}


   Skills:
 + Level 4.5 Fighting
 + Level 2.6 Short Blades
 + Level 4.3 Axes
 + Level 1.3 Armour
 + Level 3.8 Dodging
 + Level 1.7 Stealth


You had 3 spell levels left.
You didn't know any spells.
Your spell library contained the following spells:

 Spells                   Type           Power      Damage    Failure   Level
 Call Canine Familiar     Summ           0%         N/A       69%         3
 Portal Projectile        Hex/Tloc       0%         N/A       69%         3
 Leda's Liquefaction      Hex/Erth       0%         N/A       96%         4


Dungeon Overview and Level Annotations

Branches:
Dungeon (3/15)

Altars:
Ashenzari

Shops:
D:1 ?   D:3 *


Innate Abilities, Weirdness & Mutations

You have a pair of horns on your head.
You reflexively headbutt those who attack you in melee.


Message History

You miss the orc wizard.
The orc wizard is almost dead.
The orc barely misses you. The orc closely misses you.
The orc hits you with a +0 falchion.
You closely miss the orc wizard.
The orc wizard is almost dead.
The orc wizard casts a spell at you.
You are more confused.
You hit the orc.
The orc is heavily wounded.
The orc misses you. The orc hits you with a +0 falchion.
* * * LOW HITPOINT WARNING * * *
The orc closely misses you.
You miss the orc wizard.
The orc wizard is almost dead.
The orc wizard hits you but does no damage.
Unknown command.
You're too confused to move!
The orc barely misses you. The orc misses you.
The orc wizard hits you with a +0 dagger.
* * * LOW HITPOINT WARNING * * *
You hit the orc wizard but do no damage.
The orc wizard is almost dead.
The orc closely misses you. The orc hits you with a +0 hand axe.
* * * LOW HITPOINT WARNING * * *
The orc hits you but does no damage.
The orc wizard points at you and mumbles some strange words.
You resist with some effort. The orc hits you but does no damage.
You're too confused to move!
The orc hits you but does no damage. The orc hits you with a +0 falchion.
* * * LOW HITPOINT WARNING * * *
The orc wizard casts a spell.
The orc wizard flickers and vanishes!
Deactivating autopickup; reactivate with Ctrl-A.
The orc misses you.
You barely miss the orc. Your headbutt misses the orc.
The orc is heavily wounded.
You hit the orc but do no damage.
The orc is heavily wounded.
The orc hits you with a +0 hand axe.
You die...

#...###+####
#..........#
#.........#
#.........#
#.........#
#.........#
#.........#
#......oo.#
#......o@.#
.........####
##########


You could see 3 orcs.

Vanquished Creatures
  A howler monkey (D:2)
  2 adders (D:2)
  2 worms (D:2)
  6 ball pythons
  2 endoplasms (D:1)
  3 giant cockroaches
  12 goblins
  9 hobgoblins
  3 jackals (D:2)
  3 kobolds
  3 quokkas (D:1)
  5 bats
  2 frilled lizards (D:2)
  4 rats
57 creatures vanquished.

Notes
Turn   | Place    | Note
-------+----------+-------------------------------------------
     0 | D:1      | issech the Minotaur Monk began the quest for the Orb.
     0 | D:1      | Reached XP level 1. HP: 19/19 MP: 0/0
   442 | D:1      | Reached XP level 2. HP: 27/27 MP: 1/1
   713 | D:1      | Found Hejemo's Magic Scroll Shop.
   892 | D:1      | Reached XP level 3. HP: 27/33 MP: 2/2
  1175 | D:1      | Reached skill level 1 in Short Blades
  1273 | D:2      | Reached skill level 1 in Armour
  1273 | D:2      | Reached XP level 4. HP: 41/41 MP: 3/3
  1413 | D:1      | Bought a scroll of identify for 28 gold pieces
  2288 | D:3      | Found Utweorcha's Assorted Antiques.
  2309 | D:3      | Found a broken altar of Ashenzari.
  2368 | D:3      | Slain by an orc

Illustrated notes

Levels and vault maps discovered:
D:1:      minmay_arrival_three_doors, layout_loops_ring, serial_shops, shop,
          minmay_tromino_v4_c
D:2:      cheibrodos_greedy_goblins, layout_basic, hangedman_decor_growths
D:3:      layout_basic, mainiacjoe_overflow_surrounded_room,
          mainiacjoe_overflow_brackets, nicolae_ashenzari_panopticon,
          serial_shops, nicolae_shop_behind_doors, uniq_sigmund

Skill      XL: |  1  2  3  4 |
---------------+-------------+-----
Axes           | 4 |  4.3
Fighting       | 4 |  4.5
Short Blades   | 1 2 |  2.6
Armour         | 1 |  1.3
Dodging        | |  3.8
Stealth        | |  1.7

Action                   |  1- 3 |  4- 6 || total
-------------------------+-------+-------++-------
Melee: Dagger            |    74 |    95 ||   169
       Hand axe          |     5 |       ||     5
       Headbutt          |    10 |    20 ||    30
       Punch             |     1 |       ||     1
Throw: Stone             |     1 |       ||     1
  Use: Scroll            |       |     2 ||     2
Armor: Robe              |     5 |       ||     5
       Ring mail         |    13 |    29 ||    42
Dodge: Dodged            |    38 |    51 ||    89
